 Dungeon Crawl Stone Soup version 0.28-a0-1184-g53156a8862 (webtiles) character file.

Game seed: 13314847470538914197

856 fragbeetle the Ruffian (level 7, -3/52 HPs)
             Began as a Black Draconian Transmuter on Dec 18, 2021.
             Slain by a chaos spawn (4 damage)
             ... summoned by a kobold demonologist
             ... on level 6 of the Dungeon.
             The game lasted 00:14:37 (6303 turns).

fragbeetle the Ruffian (Black Draconian Transmuter) Turns: 6303, Time: 00:14:37

Health: -3/52      AC:  6    Str: 14    XL:     7   Next: 70%
Magic:  19/19      EV: 13    Int: 13    God:
Gold:   381        SH:  0    Dex: 12    Spells: 2/10 levels left

rFire   . . .      SeeInvis .     - Unarmed
rCold   . . .      Faith    .   (no shield)
rNeg    . . .      Spirit   .   (armour unavailable)
rPois   .          Reflect  .   (helmet restricted)
rElec   +          Harm     .   (no cloak)
rCorr   .          Rampage  .   (no gloves)
Will    .....                   (no boots)
Stlth   ..........              (no amulet)
HPRegen 0.17/turn               o - ring of magical power
MPRegen 0.16/turn               (no ring)

@: silenced
A: breathe lightning, AC +6, unfitting armour, electricity resistance,
cold-blooded
a: Breathe Lightning


You were on level 6 of the Dungeon.
You visited 1 branch of the dungeon, and saw 7 of its levels.

You collected 381 gold pieces.

Inventory:

Missiles
 a - 212 stones
 e - 78 bolts
 s - 2 boomerangs
Jewellery
 l - an amulet of faith
 o - a ring of magical power (left hand)
 q - a ring of poison resistance
Scrolls
 d - 2 scrolls of amnesia
 f - a scroll of enchant weapon
 h - 2 scrolls of vulnerability
 j - a scroll of torment
 k - a scroll of teleportation
 n - a scroll of silence
 p - 3 scrolls of magic mapping
 r - a scroll of immolation {unknown}
Potions
 b - a potion of attraction {unknown}
 c - a potion of flight
 g - a potion of invisibility
 i - 2 potions of lignification
 m - a potion of curing


   Skills:
 - Level 1.1 Fighting
 - Level 4.1 Dodging
 + Level 5.1 Unarmed Combat
 - Level 2.0 Spellcasting
 + Level 4.5 Transmutations
 + Level 2.6 Ice Magic
 + Level 3.5 Poison Magic


You had 2 spell levels left.
You knew the following spells:

 Your Spells              Type           Power      Damage    Failure   Level
a - Beastly Appendage     Tmut           26%        N/A       4%          1
b - Spider Form           Tmut/Pois      11%        N/A       14%         3
c - Ice Form              Ice/Tmut       10%        N/A       50%         4

Your spell library contained the following spells:

 Spells                   Type           Power      Damage    Failure   Level
 Wereblood                Tmut           13%        N/A       6%          2
 Ignite Poison            Fire/Tmut/Pois 8%         N/A       26%         3
 Mephitic Cloud           Conj/Pois/Air  4%         N/A       43%         3
 Freezing Cloud           Conj/Ice/Air   1%         6-21      99%         5


Dungeon Overview and Level Annotations

Branches:
Dungeon (7/15)
 Temple: D:4-7

Altars:
Elyvilon
Ru
Sif Muna

Annotations:
D:5 Eustachio
D:7 Maggie, Menkaure


Innate Abilities, Weirdness & Mutations

You can breathe wild blasts of lightning.
Your glossy black scales are hard. (AC +6)
You cannot fit into any form of body armour.
You are resistant to electric shocks. (rElec)
You are cold-blooded and may be slowed by cold attacks.


Message History

The kobold brigand shoots a bolt.
The bolt hits you but does no damage.
The kobold demonologist hits you but does no damage.
The howler monkey hoots and howls with incredible vigour!
Menkaure calls on the powers of darkness!
The orc convulses!
Maggie convulses!
The howler monkey convulses!
The kobold brigand convulses!
The howler monkey convulses!
Your body is wracked with pain!
* * * LOW HITPOINT WARNING * * *
The kobold demonologist convulses! x2; The kobold brigand convulses!
Found a scroll of identify and 17 gold pieces.
There is a stone staircase leading up here.
You feel very sick. The killer bee zombie misses you.
The killer bee zombie hits you.
* * * LOW HITPOINT WARNING * * *
The kobold demonologist hits you but does no damage.
The howler monkey hits you but does no damage.
The kobold brigand hits you with a +0 club.
* * * LOW HITPOINT WARNING * * *
The kobold brigand shoots a bolt.
The bolt closely misses you. The white imp puffs mist at you.
You climb upwards.
The white imp disappears in a puff of smoke!
The ufetubus disappears in a puff of smoke!
The white imp disappears in a puff of smoke!
* * * LOW HITPOINT WARNING * * *
You feel sick.
There is a stone staircase leading down here.
You feel better. The howler monkey closely misses you.
The kobold demonologist closely misses you.
The kobold demonologist mumbles some strange words.
The kobold brigand hits you but does no damage.
As you read the scroll of silence, it crumbles to dust.
A profound silence engulfs you. The howler monkey hits you.
* * * LOW HITPOINT WARNING * * *
The kobold demonologist closely misses you.
The kobold brigand hits you with a +0 club.
* * * LOW HITPOINT WARNING * * *
The kobold demonologist closely misses you.
The chaos spawn gores you.
You die...

.....##...................#.###
....##..###..............##...#
.....#..####.(#.#........###..#
.......##)....###.....#..#....#
...#.........## #.....#>..)).###
...##....###.####......#.......#
...###..####..##.......##......#
..## ##.###..####h............##
.## ##...##...K@K....##......###
.# ###.........4K.....#....#..##.
.###...##.#..####........##......
......######...#.........#.......
..##########.#...................
..# ##......................#...
#.####.....#.................##..
#.......####...####..............
...#.............##..............


You could see 2 kobold demonologists, a chaos spawn (summoned), a kobold brigand
and a howler monkey.

Vanquished Creatures
  An orc warrior (D:7)
  2 ogres
  A phantom (D:3)
  A bullfrog (D:6)
  A scorpion (D:6)
  2 centaur skeletons
  2 hounds
  A bullfrog skeleton (D:5)
  An orc priest (D:4)
  An orc wizard (D:3)
  A hound skeleton (D:4)
  3 gnolls (D:6)
  5 adders
  An ufetubus (D:2)
  A worm (D:2)
  12 orcs
  6 ball pythons
  6 endoplasms
  3 giant cockroaches
  9 goblins
  8 hobgoblins
  7 jackals
  2 quokkas
  5 bats
  5 frilled lizards
  8 kobolds
  3 rats
98 creatures vanquished.

Notes
Turn   | Place    | Note
-------+----------+-------------------------------------------
     0 | D:1      | fragbeetle the Draconian Transmuter began the quest for the
                  | Orb.
     0 | D:1      | Reached XP level 1. HP: 16/16 MP: 3/3
   193 | D:1      | Reached XP level 2. HP: 23/23 MP: 3/5
   390 | D:1      | Found a faded altar of an unknown god.
   971 | D:2      | Reached XP level 3. HP: 19/28 MP: 4/6
   975 | D:2      | Learned a level 3 spell: Spider Form
  1654 | D:2      | Reached XP level 4. HP: 26/35 MP: 5/7
  2066 | D:2      | Reached skill level 1 in Poison Magic
  2293 | D:3      | Noticed a phantom
  3023 | D:4      | Noticed an ogre
  3169 | D:3      | Reached skill level 4 in Unarmed Combat
  3169 | D:3      | Reached XP level 5. HP: 33/40 MP: 8/8
  3170 | D:3      | Killed a phantom
  3444 | D:3      | You fall into a shaft and drop 1 floor!
  3501 | D:3      | Learned a level 4 spell: Ice Form
  3732 | D:3      | Reached XP level 6. HP: 45/47 MP: 9/9
  4139 | D:4      | Found a sacrificial altar of Ru.
  4305 | D:4      | Reached skill level 1 in Ice Magic
  4447 | D:4      | Found a shimmering blue altar of Sif Muna.
  4447 | D:4      | Found a white marble altar of Elyvilon.
  4669 | D:5      | Entered Level 5 of the Dungeon
  4749 | D:5      | Noticed Eustachio
  4749 | D:5      | Noticed a water moccasin
  4976 | D:6      | Your scales start taking on a glossy black colour.
  4976 | D:6      | Reached XP level 7. HP: 41/52 MP: 10/10
  4976 | D:6      | Gained mutation: You are resistant to electric shocks.
                  | (rElec) [Black Draconian growth]
  5503 | D:6      | Reached skill level 5 in Unarmed Combat
  6299 | D:7      | Noticed Maggie
  6299 | D:7      | Noticed Menkaure
  6299 | D:7      | Noticed a kobold demonologist
  6299 | D:7      | Noticed a kobold demonologist
  6301 | D:6      | HP: 2/52 [poisoned by a kobold brigand]
  6303 | D:6      | Noticed a chaos spawn
  6303 | D:6      | Slain by a chaos spawn

Illustrated notes

Levels and vault maps discovered:
D:1:      erik_arrival_cave_to_civilisation [erik_arrival_cave_to_hall],
          layout_rooms, chequers_ecumenical_altar_simple
D:2:      layout_basic, grunt_ministairs_2
D:3:      layout_rooms
D:4:      layout_basic, nicolae_overflow_hidden_temple, jmf_multi_god_temple,
          hangedman_feature_mirror, chequers_serial_rivers_micro_e
D:5:      layout_basic, minmay_temple_entry_enclosed_plants, serial_shops, shop,
          uniq_eustachio
D:6:      layout_cave_pools
D:7:      layout_basic, uniq_maggie, uniq_menkaure

Skill      XL: |  1  2  3  4  5  6  7 |
---------------+----------------------+-----
Dodging        | 2 3 4 |  4.1
Poison Magic   | 1 2 3 |  3.5
Transmutations | 3 4 |  4.5
Unarmed Combat | 4 5 |  5.1
Ice Magic      | 1 2 |  2.6
Fighting       | |  1.1
Spellcasting   | |  2.0

Action                   |  1- 3 |  4- 6 |  7- 9 || total
-------------------------+-------+-------+-------++-------
Melee: Unarmed           |   100 |   118 |    70 ||   288
       Kick              |    20 |    19 |     3 ||    42
       Tailslap          |     7 |     7 |     2 ||    16
       Headbutt          |     6 |    11 |     2 ||    19
       Punch             |     1 |       |       ||     1
Throw: Stone             |       |     2 |       ||     2
 Cast: Beastly Appendage |    27 |    23 |     1 ||    51
       Spider Form       |       |     6 |     8 ||    14
  Use: Potion            |       |     3 |     1 ||     4
       Scroll            |       |     2 |     9 ||    11
Armor: Skin              |    26 |    31 |    12 ||    69
Dodge: Dodged            |    42 |   103 |    69 ||   214

Table legend: (Time is in decaauts)
 A = Elapsed time spent in this place.
 B = Non-inter-level travel time spent in this place.
 C = Inter-level travel time spent in this place.
 D = Time resting spent in this place.
 E = Time spent auto-exploring this place.
 F = Levels seen in this place.
 G = Mean time per level.
                   A        B        C        D        E       F      G
               +--------+--------+--------+--------+--------+-----+--------+
         Total |   6269 |   6057 |    212 |   1465 |   2906 |   7 |  895.6 |
       Dungeon |   6269 |   6057 |    212 |   1465 |   2906 |   7 |  895.6 |
               +--------+--------+--------+--------+--------+-----+--------+

Top non-repeatable levels by time:
     D:2: 1455 daAuts
     D:4: 1372 daAuts
     D:6: 1211 daAuts
     D:3: 908 daAuts
     D:1: 903 daAuts
     D:5: 270 daAuts
     D:7: 148 daAuts
